 Dungeon Crawl Stone Soup version 0.31-a0-149-g3fdcc5976a (webtiles) character file.

Game seed: 11170423368870429636

219 Darkkill the Shooter (level 5, -3/46 HPs)
             Began as a Minotaur Hunter on June 6, 2023.
             Killed by divine providence
             ... invoked by an orc priest
              (13 damage)
             ... on level 4 of the Dungeon on June 7, 2023.
             The game lasted 00:04:20 (2905 turns).

Darkkill the Shooter (Minotaur Hunter)              Turns: 2905, Time: 00:04:21

Health: -3/46      AC:  3    Str: 15    XL:     5   Next: 64%
Magic:  4/4        EV: 13    Int:  6    God:
Gold:   215        SH:  0    Dex: 16    Spells: 4/4 levels left

rFire   . . .        a - +2 shortbow
rCold   . . .        (shield currently unavailable)
rNeg    . . .        c - +0 leather armour
rPois   .            (helmet restricted)
rElec   .            (no cloak)
rCorr   .            (no gloves)
SInv    .            (no boots)
Will    .....        (no amulet)
Stlth   ++           (no ring)
HPRegen 0.27/turn    (no ring)
MPRegen 0.09/turn

%: no passive effects
@: no status effects
A: horns 2, retaliatory headbutt
a: no special abilities


You were on level 4 of the Dungeon.
You visited 1 branch of the dungeon, and saw 4 of its levels.

You collected 215 gold pieces.

Inventory:

Hand Weapons
 a - a +2 shortbow (weapon)
Missiles
 e - 29 stones
 h - 6 boomerangs
 k - 2 datura-tipped darts
 l - 4 poisoned darts
Armour
 c - a +0 leather armour (worn)
Wands
 m - a wand of roots (6)
 n - a wand of polymorph (6)
 r - a wand of digging (2)
Scrolls
 b - a scroll of butterflies
 d - 2 scrolls of teleportation
 s - a scroll of fog
Potions
 f - 2 potions of degeneration {unknown}
 g - a potion of haste {unknown}
 i - 2 potions of berserk rage {unknown}
 j - 2 potions of mutation {unknown}
 o - 2 potions of ambrosia {unknown}
 p - a potion of attraction {unknown}
 q - a potion of lignification {unknown}


   Skills:
 + Level 4.1 Fighting
 + Level 5.3 Ranged Weapons
 + Level 3.7 Dodging
 + Level 2.5 Stealth


You had 4 spell levels left.
You didn't know any spells.
Your spell library was empty.

Dungeon Overview and Level Annotations

Branches:
Dungeon (4/15)
 Temple: D:4-7

Altars:
Zin

Shops:
D:2 [


Innate Abilities, Weirdness & Mutations

You have a pair of horns on your head.
You reflexively headbutt those who attack you in melee.


Message History

Your surroundings suddenly seem different.
An ufetubus comes into view.
Found a robe.
An ufetubus is nearby!
You shoot an arrow. The arrow hits the ufetubus.
The ufetubus shouts!
The ufetubus is severely wounded.
The ufetubus barely misses you. The ufetubus closely misses you.
You shoot an arrow.
The arrow hits the ufetubus but does no damage.
The ufetubus is severely wounded.
The ufetubus hits you. The ufetubus barely misses you. x3
You shoot an arrow. The arrow closely misses the ufetubus.
The ufetubus hits you.
The ufetubus hits you but does no damage.
You shoot an arrow. The arrow barely misses the ufetubus.
The ufetubus hits you. The ufetubus barely misses you.
The ufetubus closely misses you.
The ufetubus hits you but does no damage.
You shoot an arrow. The arrow misses the ufetubus.
The ufetubus hits you. The ufetubus barely misses you.
The ufetubus hits you but does no damage.
The ufetubus closely misses you.
You shoot an arrow. The arrow hits the ufetubus.
The ufetubus is severely wounded.
The ufetubus closely misses you. The ufetubus hits you.
You shoot an arrow. The arrow barely misses the ufetubus.
The ufetubus hits you. The ufetubus barely misses you. x2
The ufetubus closely misses you.
You are too injured to fight recklessly!
Fire: a) +2 shortbow
Press: ? - help, Q - select action, (/) - cycle Shift-Dir - straight line, f/p - ufetubus
Aim: an ufetubus (severely wounded, 51% to hit)
You shoot an arrow. The arrow hits the ufetubus!
You kill the ufetubus!
Fire: a) +2 shortbow
Press: ? - help, Q - select action, (/) - cycle Shift-Dir - straight line, f - you
Okay, then.
HP restored.
Found a ring mail.
No target in view!
No target in view!
An orc priest and 3 orcs come into view.
The orc shouts!
You shoot an arrow. The orc shouts! x2
The arrow hits the orc!
You kill the orc!
The orc priest miscasts a cantrip.
There are monsters nearby!
You shoot an arrow. The arrow barely misses the orc.
There are monsters nearby!
You shoot an arrow. The arrow closely misses the orc.
There are monsters nearby!
You shoot an arrow.
The arrow hits the orc but does no damage.
The orc barely misses you.
You shoot an arrow. The arrow hits the orc.
The orc is heavily wounded.
You shoot an arrow. The arrow closely misses the orc.
The orc hits you with a +0 club. The orc misses you.
The orc priest calls upon Beogh to heal the orc.
The orc's wounds heal themselves!
You shoot an arrow. The arrow barely misses the orc.
The orc hits you with a +0 falchion. The orc misses you.
You shoot an arrow. The arrow hits the orc priest.
The orc priest is moderately wounded.
The orc closely misses you. You furiously retaliate!
You headbutt the orc!
You kill the orc!
The orc priest hits you with a +0 club. The orc barely misses you.
You shoot an arrow.
The arrow hits the orc priest but does no damage.
The orc priest is moderately wounded.
The orc completely misses you. You furiously retaliate!
You headbutt the orc!
You kill the orc!
The orc priest hits you with a +0 club.
You shoot an arrow. The arrow hits the orc priest.
The orc priest is moderately wounded.
The orc priest hits you with a +0 club.
You shoot an arrow. The arrow hits the orc priest.
The orc priest is heavily wounded.
The orc priest casts a cantrip, but nothing happens.
The orc priest looks encouraged for a moment.
You shoot an arrow. The arrow hits the orc priest.
The orc priest is severely wounded.
The orc priest hits you with a +0 club.
You shoot an arrow. The arrow hits the orc priest.
The orc priest is almost dead.
The orc priest mumbles some strange prayers to Beogh against you.
Beogh smites you!
You shoot an arrow. The arrow barely misses the orc priest.
The orc priest invokes the aid of Beogh against you.
Beogh smites you!
* * * LOW HITPOINT WARNING * * *
You shoot an arrow.
The arrow hits the orc priest but does no damage.
The orc priest is almost dead.
The orc priest calls down the wrath of Beogh upon you.
Beogh smites you!
You die...

# ##....
##.###....
##..#......
.......).. .
.........# .#
........ ..#
#.)o#####..#
#@)......#
##....##..
#....# ##...#
#...# #
##...# #.
#....## #.
##.....##
#..##.......#


You could see an orc priest.

Vanquished Creatures
  A jelly (D:4)
  Ijyb (D:3)
  3 gnolls (D:3)
  5 adders
  An ufetubus (D:4)
  4 worms
  A dart slug (D:1)
  5 orcs
  6 bats
  7 endoplasms
  2 giant cockroaches
  4 hobgoblins
  8 kobolds
  2 quokkas
  5 ball pythons
  7 frilled lizards
  5 goblins
  7 rats
74 creatures vanquished.

Notes
Turn   | Place    | Note
-------+----------+-------------------------------------------
     0 | D:1      | Darkkill the Minotaur Hunter began the quest for the Orb.
     0 | D:1      | Reached XP level 1. HP: 18/18 MP: 0/0
   112 | D:1      | Reached skill level 1 in Stealth
   132 | D:1      | Reached XP level 2. HP: 25/25 MP: 1/1
   464 | D:1      | Found a faded altar of an unknown god.
   535 | D:1      | Reached XP level 3. HP: 31/31 MP: 2/2
  1026 | D:2      | Upgraded the game from 0.31-a0-145-g046c7d2549 to
                  | 0.31-a0-149-g3fdcc5976a
  1073 | D:2      | Reached XP level 4. HP: 38/38 MP: 3/3
  1131 | D:2      | Found Neffef's Antique Armour Boutique.
  1662 | D:3      | Reached skill level 5 in Ranged Weapons
  1845 | D:3      | Noticed Ijyb
  1868 | D:3      | Killed Ijyb
  2142 | D:3      | Reached XP level 5. HP: 46/46 MP: 4/4
  2173 | D:3      | Found a glowing silver altar of Zin.
  2905 | D:4      | Killed from afar by an orc priest

Illustrated notes

Levels and vault maps discovered:
D:1:      reono_arrival_mine, layout_basic, ebering_ecumenical_altar_hall,
          lexackson_kobold_supper
D:2:      layout_loops_cross, serial_shops, nicolae_shop_crystal
D:3:      layout_loops_corners, zin_treasury, uniq_ijyb
D:4:      layout_layer_cave, mainiacjoe_overflow_catwalk,
          okawaru_ov_weapons_minmay, grunt_qazlal_clouds,
          kennysheep_opposing_triangles

Skill      XL: |  1  2  3  4  5 |
---------------+----------------+-----
Stealth        | 1 2 |  2.5
Fighting       | 3 4 |  4.1
Dodging        | 3 |  3.7
Ranged Weapons | 5 |  5.3

Action                     |  1- 3 |  4- 6 || total
---------------------------+-------+-------++-------
   Fire: Shortbow          |    97 |   133 ||   230
  Evoke: Wand              |       |     3 ||     3
    Use: Scroll            |     4 |     2 ||     6
 Armour: Leather armour    |     4 |     6 ||    10
  Dodge: Dodged            |    25 |    37 ||    62

Table legend: (Time is in decaauts)
 A = Elapsed time spent in this place.
 B = Non-inter-level travel time spent in this place.
 C = Inter-level travel time spent in this place.
 D = Time resting spent in this place.
 E = Time spent auto-exploring this place.
 F = Levels seen in this place.
 G = Mean time per level.
                   A        B        C        D        E       F      G
               +--------+--------+--------+--------+--------+-----+--------+
         Total |   2947 |   2718 |    229 |    100 |   2196 |   4 |  736.8 |
       Dungeon |   2947 |   2718 |    229 |    100 |   2196 |   4 |  736.8 |
               +--------+--------+--------+--------+--------+-----+--------+

Top non-repeatable levels by time:
     D:3: 1194 daAuts
     D:1: 929 daAuts
     D:2: 634 daAuts
     D:4: 188 daAuts

Levels and vault maps discovered:
D:1:      reono_arrival_mine, layout_basic, ebering_ecumenical_altar_hall,
          lexackson_kobold_supper
D:2:      layout_loops_cross, serial_shops, nicolae_shop_crystal
D:3:      layout_loops_corners, zin_treasury, uniq_ijyb
D:4:      layout_layer_cave, mainiacjoe_overflow_catwalk,
          okawaru_ov_weapons_minmay, grunt_qazlal_clouds,
          kennysheep_opposing_triangles

Table legend: (Time is in decaauts)
 A = Elapsed time spent in this place.
 B = Non-inter-level travel time spent in this place.
 C = Inter-level travel time spent in this place.
 D = Time resting spent in this place.
 E = Time spent auto-exploring this place.
 F = Levels seen in this place.
 G = Mean time per level.
                   A        B        C        D        E       F      G
               +--------+--------+--------+--------+--------+-----+--------+
         Total |   2947 |   2718 |    229 |    100 |   2196 |   4 |  736.8 |
       Dungeon |   2947 |   2718 |    229 |    100 |   2196 |   4 |  736.8 |
               +--------+--------+--------+--------+--------+-----+--------+

Top non-repeatable levels by time:
     D:3: 1194 daAuts
     D:1: 929 daAuts
     D:2: 634 daAuts
     D:4: 188 daAuts

Table legend:
 A = Kills in this place as a percentage of kills in the entire game.
 B = Kills by you in this place as a percentage of kills by you in the entire game.
 C = Kills by friends in this place as a percentage of kills by friends in the entire game.
 D = Other kills in this place as a percentage of other kills in the entire game.
 E = Experience gained in this place as a percentage of experience gained in the entire game.
 F = Experience gained in this place divided by the number of levels of this place that you have seen.
                   A       B       C       D       E      F
               +-------+-------+-------+-------+-------+----------------------
         Total | 100.0 | 100.0 |   N/A |   N/A | 100.0 |  78.5
       Dungeon | 100.0 | 100.0 |   N/A |   N/A | 100.0 |  78.5
               +-------+-------+-------+-------+-------+----------------------
